 Dungeon Crawl Stone Soup version 0.16.1-14-g82efdee (webtiles) character file.

706 KarvaRausku the Cleaver (level 7, -1/57 HPs)
             Began as a Mottled Draconian Berserker on Apr 12, 2015.
             Was an Elder of Trog.
             Killed by nerve-wracking pain
             ... invoked by an orc priest
              (11 damage)
             ... on level 4 of the Dungeon.
             The game lasted 00:10:34 (4164 turns).

KarvaRausku the Cleaver (DrBe)                      Turns: 4164, Time: 00:10:35

Health: -1/57      AC:  6    Str: 20    XL:     7   Next: 39%
Magic:  7/7        EV:  9    Int:  8    God:    Trog [****..]
Gold:   234        SH:  7    Dex: 11    Spells: 0 memorised, 6 levels left

rFire  . . .     SeeInvis .     a - +0 hand axe (curse)
rCold  . . .     Clarity  .     (armour unavailable)
rNeg   . . .     SustAb   .     k - +0 shield (curse)
rPois  .         Gourm    .     (helmet restricted)
rElec  .         Spirit   .     (no cloak)
rCorr  .         Warding  .     (no gloves)
rMut   .         Stasis   .     (no boots)
MR     .....                    (no amulet)
Stlth  +.........               (no ring)
                                (no ring)

@: not resistant to hostile enchantments, very unstealthy
A: breathe sticky flames, unfitting armour, cold-blooded, AC +6
a: Breathe Sticky Flame, Burn Spellbooks, Berserk, Trog's Hand, Brothers in
Arms, Renounce Religion


You were on level 4 of the Dungeon.
You worshipped Trog.
Trog was greatly pleased with you.
You were very hungry.

You visited 1 branch of the dungeon, and saw 4 of its levels.
You also visited: Sewer.

You collected 234 gold pieces.

Inventory:

Hand weapons
 a - a cursed +0 hand axe (weapon)
 j - a +0 trident
Armour
 k - a cursed +0 shield (worn)
 t - a +0 leather armour
Magical devices
 p - a wand of confusion (21)
Scrolls
 b - 2 scrolls of teleportation {unknown}
 e - 2 scrolls of recharging {unknown}
 g - 3 scrolls of remove curse {unknown}
 l - a scroll of magic mapping {unknown}
 m - 2 scrolls of identify
 n - a scroll of fear {unknown}
 o - a scroll of immolation {unknown}
 w - 2 scrolls of enchant weapon {unknown}
 x - a scroll of enchant armour {unknown}
Potions
 d - 3 potions of heal wounds
 f - a potion of agility
 i - a potion of brilliance
 q - a potion of flight {unknown}
 r - a potion of invisibility {unknown}
 s - a potion of haste {unknown}
 u - 2 potions of resistance
Comestibles
 c - a bread ration
 h - 7 fruits
 v - a beef jerky


   Skills:
 - Level 3.2 Fighting
 + Level 8.8 Axes
 - Level 2.6 Dodging


You had 6 spell levels left.
You didn't know any spells.

Dungeon Overview and Level Annotations

Branches:
Dungeon (4/15)             Temple (0/1) D:4

Altars:
Gozag
Sif Muna


Innate Abilities, Weirdness & Mutations

You can spit globs of burning liquid.
You can ignite nearby creatures when you spit burning liquid.
Your weird mottled scales are hard (AC +6).
Your body does not fit into most forms of armour.
Your cold-blooded metabolism reacts poorly to cold.


Message History

The orc is almost dead.
The orc priest hits you with an enchanted mace.
* * * LOW HITPOINT WARNING * * *
You block the orc's attack.
Use which ability? (? or * to list) You're too hungry to go berserk.
You hit the orc priest.
The orc priest is severely wounded.
You closely miss the orc.
The orc is almost dead.
The orc priest calls upon Beogh to heal the orc.
The orc's wounds heal themselves!
The orc hits you with a flail.
* * * LOW HITPOINT WARNING * * *
You closely miss the orc priest.
Your tail-slap misses the orc priest.
The orc priest is severely wounded.
You hit the orc.
The orc is heavily wounded.
The orc priest mumbles some strange prayers to Beogh against you.
Pain shoots through your body!
You die...

### #.# #.# #.####.#####.#
..###.# #.# .# #.# #.# ...##.#
#.# .# #.# #># ...##.## #.# .#
#.# #.# .......# ##.####.# #<.
##.### ...##..# #.......####..
#..... ...##..#
##.###................
..###..##########o.##............
..............(.@o.# .....##....
#.##..##....#####).# ...# #.#.#
#.##..##....#####..... .. ...#.#
#.##...........##.##### ####.#
#.###.##.##.##.##.## #(# ..#
#.##.##.##.##..# #.# ..#
#..............# ..#
##......##.....# ..#
#......##....########


You could see an orc priest and an orc.

Vanquished Creatures
  Menkaure (D:4)
  The ghost of Duskembrace the Cudgeler, an average GrBe of Trog (D:4)
  A crocodile (Sewer)
  3 hounds (D:4)
  An orc priest (D:3)
  2 orc wizards
  Ijyb (D:2)
  6 adders
  6 giant mites
  2 worms
  An adder skeleton (D:4)
  6 giant geckos
  15 orcs
  3 ball pythons
  9 bats
  7 giant cockroaches
  10 goblins
  8 hobgoblins
  5 jackals
  3 quokkas
  A giant newt (D:1)
  8 kobolds
  7 rats
107 creatures vanquished.

Notes
Turn   | Place    | Note
--------------------------------------------------------------
     0 | D:1      | KarvaRausku, the Draconian Berserker, began the quest for the Orb.
     0 | D:1      | Reached XP level 1. HP: 19/19 MP: 1/1
   124 | D:1      | Reached XP level 2. HP: 20/26 MP: 2/2
   695 | D:1      | Acquired Trog's second power
   727 | D:1      | Reached skill level 4 in Axes
   799 | D:1      | Reached XP level 3. HP: 22/31 MP: 3/3
  1056 | D:2      | Found an opulent altar of Gozag.
  1336 | D:2      | Noticed Ijyb
  1361 | D:2      | Killed Ijyb
  1524 | D:2      | Found a deep blue altar of Sif Muna.
  1783 | D:3      | Reached XP level 4. HP: 35/38 MP: 4/4
  1786 | D:3      | Reached skill level 5 in Axes
  1895 | D:3      | HP: 1/38 [poisoned by an adder]
  2130 | D:3      | Reached XP level 5. HP: 27/45 MP: 5/5
  2194 | D:3      | Reached skill level 6 in Axes
  2535 | D:4      | Acquired Trog's third power
  2603 | D:4      | Reached XP level 6. HP: 46/51 MP: 6/6
  2626 | D:4      | Reached skill level 7 in Axes
  2733 | D:4      | Found a glowing drain.
  2756 | Sewer    | Entered a sewer
  3085 | Sewer    | HP: 1/51 [crocodile (12)]
  3377 | D:4      | Noticed Duskembrace's ghost (average GrBe)
  3450 | D:4      | Killed Duskembrace's ghost
  3450 | D:4      | Reached skill level 8 in Axes
  3450 | D:4      | Your scales start taking on a weird mottled pattern.
  3450 | D:4      | Reached XP level 7. HP: 8/57 MP: 7/7
  3916 | D:4      | Noticed Menkaure
  3924 | D:4      | Killed Menkaure
  4116 | D:4      | Found a staircase to the Ecumenical Temple.
  4164 | D:4      | Killed from afar by an orc priest

Action                   |  1- 3 |  4- 6 |  7- 9 || total
-------------------------+-------+-------+-------++-------
Melee: Hand axe          |   138 |   260 |    64 ||   462
Invok: Berserk           |       |     4 |     1 ||     5
Evoke: Wand              |       |       |     1 ||     1
  Use: Potion            |       |     5 |       ||     5
       Scroll            |       |     1 |       ||     1
  Eat: Chunk             |     2 |    10 |     3 ||    15
